AoeStats
← MattAtArms

Arabia

503999349Analyzed
1v1 RM · 1mo ago on Sep 3, 2026· 50m 35s· 2 players
Game mode
Random Map
Map size
Tiny (2 player)
Population
200
Speed
Normal
Resources
Standard
Victory
Conquest
Starting age
Dark Age
Ending age
Imperial Age
RankedLock teamsTeams togetherTeam positionsShared explorationLock speedFull tech treeHidden civsTurbo modeCheats
Victory
Defeat
🇬🇧 Chinese · United Kingdom
1889
+18
🇨🇳 Burmese · China
1927
-18
MattAtArms
0:25 Loom
8:21 Feudal Age
8:57 Double-Bit Axe
12:48 Horse Collar
13:49 Fletching
20:52 Castle Age
19:12 Gold Mining
19:36 Padded Archer Armor
20:53 Crossbowman
21:30 Bodkin Arrow
21:47 Bow Saw
23:15 Ballistics
25:32 Heavy Plow
26:16 Wheelbarrow
28:20 Town Watch
37:24 Imperial Age
36:38 Leather Archer Armor
36:36 Thumb Ring
37:32 Arbalester
38:12 Bracer
38:58 Ring Archer Armor
39:30 Chemistry
41:08 Scale Barding Armor
41:14 Forging
42:43 Chain Barding Armor
42:34 Light Cavalry
43:24 Bloodlines
43:15 Husbandry
43:51 Iron Casting
42:38 Cavalier
44:02 Conscription
45:19 Plate Barding Armor
45:58 Blast Furnace
45:01 Elite Chu Ko Nu
46:41 Rocketry
Yusutia
6:23 Loom
8:50 Feudal Age
9:01 Man-at-Arms
15:53 Fletching
21:22 Castle Age
19:54 Padded Archer Armor
19:51 Stone Mining
20:01 Horse Collar
20:28 Gold Mining
26:46 Town Watch
27:36 Wheelbarrow
32:02 Bloodlines
37:17 Heavy Plow
42:05 Imperial Age
41:49 Ballistics
42:05 Husbandry
41:26 Light Cavalry
42:12 Scale Barding Armor
42:17 Forging
42:06 Bodkin Arrow
42:37 Husbandry
42:06 Light Cavalry
43:21 Conscription
43:26 Chain Barding Armor
43:36 Hand Cart
44:50 Chemistry
44:06 Forging
44:20 Bracer
45:47 Conscription
46:33 Plate Barding Armor
46:33 Iron Casting
50:58 Blast Furnace
Connection lost

Rejoining the realm…

Still unreachable

The connection could not be restored.

Session expired

The server has moved on; the page needs a fresh start.